 Dungeon Crawl Stone Soup version 0.31-a0-472-g43a2ca8e1b (webtiles) character file.

Game seed: 17439615224285103111

3164 Ethylacetat the Insei (level 9, -2/63 HPs)
             Began as an Octopode Shapeshifter on Aug 6, 2023.
             Was an Initiate of Gozag.
             Collided with a rock wall (18 damage)
             ... caused by Erica
             ... on level 8 of the Dungeon.
             The game lasted 00:09:24 (6854 turns).

Ethylacetat the Insei (Octopode Shapeshifter)       Turns: 6854, Time: 00:09:25

Health: -2/63      AC:  1    Str: 15      XL:     9   Next: 94%
Magic:  9/9        EV: 16    Int:  9 (10) God:    Gozag
Gold:   328        SH:  0    Dex: 16      Spells: 8/8 levels left

rFire   . .          .
                       - Unarmed
rCold   + . .        (no shield)
rNeg    . . .        (helmet currently unavailable)
rPois   .            (no amulet)
rElec   .            u - ring of protection from cold
rCorr   .            (no ring)
SInv    .            (no ring)
Will    .....        (no ring)
Stlth   ++           (no ring)
HPRegen 0.30/turn    (no ring)
MPRegen 0.11/turn    (no ring)
                     (no ring)

%: no passive effects
@: beast-form, gold aura, studying Stealth
A: beast (slay +4), almost no armour, amphibious, 8 rings, camouflage 1,
gelatinous body 1, (nimble swimmer 1), tentacles, deterioration 1, subdued magic
1
a: Begin Untransformation, Renounce Religion, Potion Petition, Call Merchant,
Bribe Branch


You were on level 8 of the Dungeon.
You worshipped Gozag.
Gozag was aware of your devotion.
You were a hulking beast.
You visited 2 branches of the dungeon, and saw 9 of its levels.
You also visited: Ossuary.

You collected 388 gold pieces.
You paid 60 gold pieces to Gozag.

Inventory:

Missiles
 d - a throwing net (quivered)
Jewellery
 u - a ring of protection from cold (left tentacle)
Talismans
 b - a beast talisman (active)
Wands
 i - a wand of mindburst (7)
 n - a wand of roots (14)
 r - a wand of digging (6)
 v - a wand of quicksilver (11)
Scrolls
 c - 3 scrolls of fog {unknown}
 e - 3 scrolls of identify {unknown}
 g - 3 scrolls of immolation {unknown}
 h - 3 scrolls of teleportation {unknown}
 k - a scroll of amnesia {unknown}
 m - a scroll of torment {unknown}
 o - 2 scrolls of blinking {unknown}
 p - a scroll of vulnerability {unknown}
 q - a scroll of enchant armour {unknown}
 t - a scroll of silence {unknown}
Potions
 a - 2 potions of magic
 f - a potion of heal wounds {unknown}
 j - 2 potions of curing
 l - 2 potions of lignification
 s - 3 potions of attraction {unknown}


   Skills:
 + Level 6.7 Fighting
 - Level 7.1 Dodging
 + Level 7.5 Unarmed Combat
 * Level 6.4 Shapeshifting


You had 8 spell levels left.
You didn't know any spells.
Your spell library contained the following spells:

 Spells                   Type           Power      Damage    Failure   Level
 Slow                     Hex            0%         N/A       34%         1
 Scorch                   Fire           0%         2d5       47%         2
 Confusing Touch          Hex            0%         N/A       73%         3
 Vampiric Draining        Necr           0%         2d6       73%         3
 Flame Wave               Conj/Fire      0%         2d4       98%         4
 Summon Cactus Giant      Summ           0%         N/A       100%        6


Dungeon Overview and Level Annotations

Branches:
Dungeon (8/15)             Temple (1/1) D:5         Ossuary (visited)
   Lair: D:8-11

Altars:
Ashenzari
Dithmenos
Fedhas
Gozag
Hepliaklqana
Kikubaaqudgha
Nemelex Xobeh
Okawaru
Qazlal
Sif Muna
Trog
Uskayaw
Vehumet
Wu Jian
Xom
Yredelemnul

Annotations:
D:8 Erica


Innate Abilities, Weirdness & Mutations

You are a hulking beast.
Your limbs bulge with bestial killing power. (Slay +4)
You cannot wear most types of armour.
You are amphibious.
You can wear up to eight rings at the same time.
Your skin changes colour to match your surroundings (Stealth+).
Your rubbery body absorbs attacks. (AC +1, EV +1)
((You are camouflaged when in or above water. (Stealth+)))
You have tentacles for arms and can constrict up to eight enemies at once.
Your body sometimes deteriorates upon taking damage.
Your spells are a little easier to cast, but a little less powerful.


Message History

You constrict the hornet, but do no damage.
The hornet stings you!
You feel as though you will be slow longer.
Erica gestures wildly while chanting.
Erica flickers and vanishes!
Deactivating autopickup; reactivate with Ctrl-A.
You tentacle-slap the hornet. You squeeze the hornet!
The hornet is heavily wounded.
You constrict the hornet. The hornet barely misses you.
The hornet closely misses you. The hornet stings you!
You feel as though you will be slow longer.
Unknown command.
You bludgeon the hornet!
You kill the hornet!
Your Dodging skill increases to level 7!
Throw: 2 throwing nets
Press: ? - help, Q - select action, (/) - cycle Shift-Dir - straight line You throw a throwing net.
Something gets caught in the net!
Something wriggles in the net.
Unknown command.
You barely miss something. You squeeze something.
Something wriggles in the net. x2
You tentacle-slap something.
You feel yourself speed up.
Something wriggles in the net.
You bludgeon something!
Something wriggles in the net.
All of a sudden the net rips apart!
You bludgeon something!
You hear some strange, mumbled words.
Something tries to affect you, but you resist.
You barely miss something. Your squeeze misses something.
You hear some strange, mumbled words.
A lance of force appears from out of thin air!
The lance of force hits you!!
* * * LOW HITPOINT WARNING * * *
Your body deteriorates!
You feel dopey.
You are knocked back by the lance of force.
You slam into the rock wall!
You die...
Your body crumbles into a pile of gold.

### # #.. .##
#.# ...# #.###
..... ###
#...#...#
.....##h..{...#
.........##.$.#
..#..###.#
..... #. ....
.### # .##.## #
.! .. #. #.. ..
... ....


There were no monsters in sight!

Vanquished Creatures
  Pikel (D:7)
  A hornet (D:8)
  The ghost of Ethylacetat the Changeling, an amateur OpSh (D:3)
  A shadow (D:7)
  A water moccasin (D:5)
  2 ice beasts
  3 black bears
  2 ogres (D:4)
  2 centaurs (D:7)
  2 lemures (D:7)
  A kobold brigand (D:5)
  3 bullfrogs
  2 elf zombies (Ossuary)
  5 scorpions
  A howler monkey (D:7)
  A centaur zombie (Ossuary)
  2 human zombies (Ossuary)
  2 hounds
  2 orc priests
  A gnoll bouda (D:5)
  A jelly (D:5)
  An iguana (D:5)
  2 orc wizards
  A sleepcap (D:4)
  2 mummies (Ossuary)
  5 adders
  A shadow imp (D:5)
  A white imp (D:5)
  An ufetubus (D:5)
  2 adder zombies (Ossuary)
  A worm (D:5)
  2 dart slugs (D:3)
  20 orcs
  5 ball pythons
  A bat (D:3)
  7 endoplasms
  5 giant cockroaches
  2 goblins
  2 hobgoblins (D:1)
  2 jackals (D:3)
  8 quokkas
  2 frilled lizards (D:1)
  A goblin zombie (Ossuary)
  8 hobgoblin zombies (Ossuary)
  3 kobolds
  6 kobold zombies (Ossuary)
  12 orc zombies (Ossuary)
  5 rats
  3 rat zombies (Ossuary)
148 creatures vanquished.

Notes
Turn   | Place    | Note
-------+----------+-------------------------------------------
     0 | D:1      | Ethylacetat the Octopode Shapeshifter began the quest for
                  | the Orb.
     0 | D:1      | Reached XP level 1. HP: 13/13 MP: 1/1
    73 | D:1      | Reached XP level 2. HP: 18/18 MP: 2/2
   450 | D:1      | Reached XP level 3. HP: 20/23 MP: 3/3
   540 | D:1      | Found a faded altar of an unknown god.
   764 | D:2      | You fall into a shaft and drop 2 floors!
   771 | D:3      | Found a runed translucent door.
   771 | D:3      | Noticed Ethylacetat's ghost (amateur OpSh)
   797 | D:3      | Killed Ethylacetat's ghost
   798 | D:3      | Reached XP level 4. HP: 28/30 MP: 4/4
   798 | D:3      | Reached XP level 5. HP: 33/36 MP: 5/5
   798 | D:3      | Reached XP level 6. HP: 38/41 MP: 6/6
  1992 | D:4      | Reached XP level 7. HP: 13/46 MP: 7/7
  2527 | D:4      | Reached skill level 5 in Unarmed Combat
  3109 | D:5      | Entered Level 5 of the Dungeon
  3115 | D:5      | Reached XP level 8. HP: 37/54 MP: 8/8
  3123 | D:5      | Found a stormy altar of Qazlal.
  3169 | D:5      | Found a sand-covered staircase.
  3264 | Ossuary  | Entered an ossuary
  3401 | Ossuary  | Gained mutation: Your spells are a little easier to cast,
                  | but a little less powerful. [potion of mutation]
  3401 | Ossuary  | Gained mutation: You have a beak for a mouth. [potion of
                  | mutation]
  3440 | Ossuary  | Reached skill level 5 in Dodging
  3615 | Ossuary  | Reached skill level 5 in Shapeshifting
  3696 | Ossuary  | Lost mutation: You have a beak for a mouth. [potion of
                  | mutation]
  3696 | Ossuary  | Lost mutation: Your spells are a little easier to cast, but
                  | a little less powerful. [potion of mutation]
  3696 | Ossuary  | Gained mutation: Your body sometimes deteriorates upon
                  | taking damage. [potion of mutation]
  3696 | Ossuary  | Gained mutation: Your spells are a little easier to cast,
                  | but a little less powerful. [potion of mutation]
  4200 | D:5      | Reached skill level 5 in Fighting
  4583 | D:5      | Found a staircase to the Ecumenical Temple.
  4663 | Temple   | Entered the Ecumenical Temple
  4699 | Temple   | Became a worshipper of Gozag Ym Sagoz the Greedy
  4987 | D:6      | Reached XP level 9. HP: 61/61 MP: 9/9
  6574 | D:7      | Noticed Pikel
  6585 | D:7      | Killed Pikel
  6839 | D:8      | Noticed Erica
  6841 | D:8      | Noticed a hornet
  6848 | D:8      | Killed a hornet
  6854 | D:8      | Collided with a rock wall

Illustrated notes

Levels and vault maps discovered:
D:1:      dpeg_arrival_prison, layout_loops_ring,
          chequers_ecumenical_altar_simple_redux, nrook_campfire
D:2:      layout_rooms
D:3:      layout_loops_corners, serial_rivers, chequers_serial_rivers_micro_b,
          chequers_serial_rivers_micro_c, chequers_serial_rivers_micro_a,
          chequers_serial_rivers_small_3, chequers_serial_rivers_room_b,
          chequers_serial_rivers_room_a, ebering_ghost_sewer_d
D:4:      layout_basic, minmay_misc_feat_secret_circle
D:5:      layout_basic, mainiacjoe_overflow_small_starburst,
          minmay_temple_entry_glass, enter_ossuary_2, minmay_holes,
          minmay_manual_mess
D:6:      layout_loops_corners, grunt_decor_resistance
D:7:      layout_basic, kennysheep_generic_room_3, uniq_pikel
D:8:      layout_rooms, chequers_temple_overflow_statue_of_worship,
          hangedman_abyss_or_decor_stabs, uniq_erica, uniq_grum, uniq_joseph
Temple:   bh_familiar_temple

Skill      XL: |  1  2  3  4  5  6  7  8  9 |
---------------+----------------------------+-----
Fighting       | 2 3 4 5 6 |  6.7
Dodging        | 3 4 5 7 |  7.1
Unarmed Combat | 4 5 6 7 |  7.5
Shapeshifting  | 4 5 6 |  6.4

Action                     |  1- 3 |  4- 6 |  7- 9 || total
---------------------------+-------+-------+-------++-------
  Melee: Unarmed           |    59 |    42 |   246 ||   347
         Constrict         |    11 |    10 |    56 ||    77
         Tentacles         |     4 |    10 |    62 ||    76
         Punch             |     2 |     2 |    12 ||    16
         Peck              |       |       |    18 ||    18
  Throw: Throwing net      |       |       |     1 ||     1
    Use: Potion            |     1 |     1 |     8 ||    10
   Stab: Sleeping          |    16 |     1 |     7 ||    24
         Distracted        |       |       |     2 ||     2
 Armour: Skin              |    25 |     3 |     8 ||    36
  Dodge: Dodged            |    13 |    28 |   136 ||   177

Table legend: (Time is in decaauts)
 A = Elapsed time spent in this place.
 B = Non-inter-level travel time spent in this place.
 C = Inter-level travel time spent in this place.
 D = Time resting spent in this place.
 E = Time spent auto-exploring this place.
 F = Levels seen in this place.
 G = Mean time per level.
                   A        B        C        D        E       F      G
               +--------+--------+--------+--------+--------+-----+--------+
         Total |   6801 |   6571 |    230 |    235 |   5456 |  10 |  680.1 |
       Dungeon |   6315 |   6154 |    161 |    235 |   5187 |   8 |  789.4 |
        Temple |     71 |      2 |     69 |      0 |      0 |   1 |   71.0 |
       Ossuary |    413 |    413 |      0 |      0 |    269 |   1 |  413.0 |
               +--------+--------+--------+--------+--------+-----+--------+

Top non-repeatable levels by time:
     D:3: 1188 daAuts
     D:4: 1147 daAuts
     D:5: 1137 daAuts
     D:7: 1061 daAuts
     D:6: 1003 daAuts
     D:1: 741 daAuts
 Ossuary: 413 daAuts
  Temple: 71 daAuts
     D:2: 20 daAuts
     D:8: 15 daAuts
